Map: King Sejong Station LE

Players

PocariSweat - Winner!

  • Race: Protoss Protoss
  • League: Gold
  • Spawn Location: 5:00

Fropez

  • Race: Protoss Protoss
  • League: Gold
  • Spawn Location: 11:00

VOD

Have the link to the VOD?

Description

Time

  • Played on: Sept. 9, 2016, 2:20 p.m.
  • Length: 13:27
Show
View Real Time Build Order
Export as new Build Order

PocariSweat Protoss - Winner!

Build Orders:  

Get SALT Encoding   

  12  0:01  Probe (Chrono Boost)  
  13  0:11  Probe (Chrono Boost)  
  14  0:17  Pylon  
  14  0:22  Probe (Chrono Boost)  
  16  0:35  Probe (Chrono Boost)  
  16  0:36  Gateway  
  16  0:46  Probe (Chrono Boost), Assimilator  
  17  0:54  Assimilator  
  17  0:56  Probe (Chrono Boost)  
  18  1:07  Probe (Chrono Boost)  
  18  1:10  Gateway  
  19  1:18  Probe (Chrono Boost)  
  20  1:28  Cybernetics Core  
  20  1:29  Probe (Chrono Boost)  
  21  1:38  Pylon  
  21  1:43  Probe (Chrono Boost)  
  22  1:53  Probe (Chrono Boost)  
  23  2:07  Warp Gate (Chrono Boost)  
  24  2:09  Mothership Core (Chrono Boost)  
  24  2:10  Adept  
  24  2:11  Adept  
  29  2:28  Pylon  
  29  2:31  Probe  
  30  2:46  Stalker x2  
  34  2:59  Pylon  
  33  3:22  Nexus  
  33  3:30  Stalker x2  
  37  3:41  Robotics Facility  
  35  4:02  Probe  
  34  4:14  Probe (Chrono Boost)  
  34  4:15  Twilight Council  
  35  4:17  Stalker x2  
  39  4:26  Probe (Chrono Boost)  
  39  4:28  Observer (Chrono Boost)  
  41  4:32  Probe  
  42  4:43  Probe x2  
  44  4:45  Observer (Chrono Boost)  
  44  4:48  Assimilator  
  45  4:57  Robotics Bay  
  45  4:59  Probe  
  46  5:00  Warp Prism  
  46  5:01  Probe  
  49  5:12  Probe  
  49  5:13  Probe  
  51  5:17  Assimilator  
  51  5:21  Blink (Chrono Boost)  
  51  5:25  Probe  
  52  5:29  Pylon  
  52  5:34  Observer  
  51  5:54  Probe  
  51  5:57  Probe  
  51  6:00  Disruptor (Chrono Boost)  
  55  6:06  Probe  
  55  6:09  Probe  
  57  6:14  Gateway x2  
  57  6:19  Probe (Chrono Boost)  
  57  6:21  Probe (Chrono Boost)  
  59  6:31  Probe  
  59  6:32  Robotics Facility  
  60  6:35  Disruptor (Chrono Boost)  
  63  6:40  Gravitic Drive  
  63  6:41  Probe  
  63  6:42  Probe  
  65  6:52  Probe  
  66  6:54  Probe  
  67  7:03  Nexus  
  67  7:06  Disruptor (Chrono Boost)  
  67  7:07  Pylon  
  70  7:18  Pylon  
  70  7:22  Pylon  
  70  7:23  Pylon  
  70  7:26  Pylon  
  73  7:39  Disruptor (Chrono Boost)  
  73  7:40  Disruptor (Chrono Boost), Stalker x2  
  73  7:42  Stalker  
  82  7:50  Probe  
  83  7:51  Probe  
  84  7:58  Observer Gravitic Boosters  
  84  8:01  Probe  
  84  8:02  Stalker  
  84  8:03  Probe  
  88  8:05  Forge  
  88  8:09  Forge  
  88  8:14  Probe  
  88  8:20  Disruptor (Chrono Boost)  
  88  8:23  Disruptor (Chrono Boost)  
  94  8:33  Stalker x3  
  100  8:36  Probe  
  100  8:37  Probe  
  100  8:38  Probe  
  103  8:45  Protoss Ground Weapons Level 1 (Chrono Boost)  
  103  8:53  Disruptor  
  103  8:54  Protoss Ground Armor Level 1 (Chrono Boost)  
  106  8:55  Disruptor  
  106  9:01  Stalker x2  
  113  9:17  Probe x2, Assimilator  
  114  9:21  Photon Cannon  
  114  9:23  Assimilator, Photon Cannon  
  115  9:26  Photon Cannon  
  115  9:28  Pylon  
  115  9:30  Stalker  
  117  9:36  Stalker x2  
  121  9:44  Probe x2  
  123  9:47  Pylon  
  123  9:48  Disruptor  
  123  9:51  Stalker  
  128  10:00  Probe, Gateway  
  128  10:01  Probe  
  128  10:02  Gateway  
  130  10:07  Disruptor  
  130  10:11  Stalker  
  130  10:12  Stalker  
  137  10:36  Protoss Ground Weapons Level 2 (Chrono Boost)  
  137  10:37  Protoss Shields Level 1 (Chrono Boost)  
  137  10:39  Pylon  
  136  10:51  Stalker  
  136  10:52  Stalker  
  140  11:02  Pylon  
  140  11:05  Pylon  
  140  11:11  Gateway  
  140  11:12  Gateway x2  
  140  11:20  Templar Archives  
  140  11:23  Gateway  
  140  11:29  Disruptor x2  
  146  11:33  Stalker x6  
  158  11:57  Stalker x2  
  158  11:58  Stalker x2  
  161  12:18  Pylon  
  161  12:20  Photon Cannon x2  
  161  12:23  Photon Cannon  
  161  12:29  Photon Cannon  
  161  12:58  Nexus  
  161  13:01  Pylon  
  161  13:03  Pylon  
  161  13:06  Assimilator  
  161  13:11  Assimilator  
Show
View Real Time Build Order
Export as new Build Order

Fropez Protoss 

Build Orders:  

Get SALT Encoding   

  12  0:01  Probe (Chrono Boost)  
  13  0:29  Pylon  
  13  0:30  Probe (Chrono Boost)  
  14  0:55  Gateway  
  14  0:58  Probe (Chrono Boost)  
  15  1:05  Assimilator  
  15  1:06  Pylon  
  15  1:09  Probe (Chrono Boost)  
  16  1:19  Probe (Chrono Boost)  
  17  1:26  Pylon  
  17  1:30  Probe (Chrono Boost)  
  18  1:40  Probe (Chrono Boost)  
  18  1:46  Cybernetics Core  
  19  1:49  Assimilator  
  19  1:51  Probe (Chrono Boost)  
  20  1:59  Gateway  
  20  2:04  Probe (Chrono Boost)  
  22  2:23  Probe (Chrono Boost)  
  22  2:29  Adept  
  24  2:33  Warp Gate (Chrono Boost), Mothership Core (Chrono Boost)  
  26  2:46  Adept  
  28  3:03  Nexus  
  28  3:07  Pylon  
  27  3:14  Adept  
  27  3:25  Pylon  
  27  3:31  Pylon  
  27  3:43  Pylon  
  24  3:53  Adept  
  24  3:56  Probe  
  24  4:08  Probe, Gateway  
  25  4:13  Probe  
  26  4:20  Adept  
  28  4:44  Probe  
  28  4:45  Probe  
  29  4:48  Robotics Facility  
  29  4:49  Pylon  
  30  5:09  Gateway  
  30  5:10  Adept  
  30  5:11  Adept x2  
  36  5:15  Probe  
  37  5:35  Adept  
  37  5:36  Adept x2  
  37  5:58  Immortal  
  41  6:08  Forge  
  41  6:11  Pylon  
  41  6:13  Pylon, Probe x2  
  41  6:16  Pylon  
  43  6:37  Immortal  
  47  6:49  Photon Cannon  
  47  6:58  Probe x2  
  49  7:03  Photon Cannon  
  49  7:07  Assimilator  
  49  7:09  Probe  
  49  7:10  Probe  
  51  7:20  Gateway  
  51  7:26  Pylon  
  48  7:33  Probe  
  48  7:34  Probe  
  50  7:43  Observer  
  50  7:44  Protoss Ground Weapons Level 1 (Chrono Boost)  
  51  7:51  Probe  
  52  7:52  Probe, Photon Cannon  
  53  8:03  Probe  
  54  8:08  Stalker  
  56  8:31  Probe  
  56  8:32  Probe  
  58  8:38  Adept, Assimilator  
  60  8:43  Probe  
  60  8:44  Probe  
  60  8:47  Immortal  
  66  8:55  Probe  
  66  8:56  Probe  
  68  9:07  Twilight Council, Probe  
  68  9:08  Probe  
  70  9:10  Pylon  
  70  9:15  Protoss Ground Armor Level 1 (Chrono Boost)  
  68  9:26  Immortal  
  72  9:51  Blink (Chrono Boost)  
  72  9:56  Stalker  
  72  9:57  Stalker x3  
  80  10:02  Pylon  
  80  10:05  Immortal  
  84  10:15  Probe x2  
  83  10:32  Stalker  
  83  10:33  Stalker  
  87  10:48  Probe x2  
  89  10:50  Immortal  
  93  11:04  Pylon, Templar Archives  
  93  11:05  Protoss Ground Weapons Level 2  
  93  11:19  Stalker  
  93  11:20  Stalker  
  97  11:26  Nexus  
  97  11:29  Pylon x2  
  93  12:07  Probe x2  
  87  12:10  Immortal  
  91  12:16  Photon Cannon  
  91  12:17  Photon Cannon  
  91  12:22  Pylon  
  91  12:24  Adept x2  
  91  12:25  Adept x2, Pylon  
  91  12:28  Assimilator  
  99  12:35  Assimilator  
  99  12:40  Probe, Gateway  
  99  12:42  Probe  
  101  12:49  Gateway  
  101  13:01  Stalker x5  
Tags
 
League
GoldGold
Matchup
PvP
Replay Pack
All Mines
Spawn Locations
Cross Positions
Add a new tag
Caveats
  • Supply blocks, unpowered buildings, or Contaminate may cause inaccurate times.
  • Supply counts are checked every 10 seconds.